 Dungeon Crawl Stone Soup version 0.24.0-125-gc4c63601f3 (webtiles) character file.

Game seed: 2624856132554198683, levelgen mode: deterministic

78 Lemonice the Grasshopper (level 4, -9/29 HPs)
             Began as a Halfling Warper on Feb 20, 2020.
             Mangled by an iguana (13 damage)
             ... on level 2 of the Dungeon.
             The game lasted 00:05:09 (1910 turns).

Lemonice the Grasshopper (Halfling Warper)          Turns: 1910, Time: 00:05:09

Health: -9/29      AC:  3    Str: 12    XL:     4   Next: 61%
Magic:  7/7        EV: 15    Int: 11    God:
Gold:   40         SH:  0    Dex: 14    Spells: 5/7 levels left

rFire    . . .     SeeInvis .   a - +0 short sword
rCold    . . .     Gourm    .   (shield restricted)
rNeg     . . .     Faith    .   b - +0 leather armour
rPois    .         Spirit   .   (no helmet)
rElec    .         Reflect  .   (no cloak)
rCorr    .         Harm     .   (no gloves)
MR       .....                  (no boots)
Stlth    ++........             (no amulet)
HPRegen  0.09/turn              (no ring)
MPRegen  0.10/turn              (no ring)

@: no status effects
A: small, mutation resistance 1
a: no special abilities


You were on level 2 of the Dungeon.
You were not hungry.

You visited 1 branch of the dungeon, and saw 2 of its levels.

You collected 40 gold pieces.

Inventory:

Hand Weapons
 a - a +0 short sword (weapon)
Missiles
 e - 5 boomerangs of dispersal (quivered)
 h - 93 stones
 k - a throwing net
Armour
 b - a +0 leather armour (worn)
Scrolls
 c - 3 scrolls of identify {unknown}
 d - a scroll of blinking
 g - 4 scrolls of enchant weapon {unknown}
 l - 2 scrolls of remove curse {unknown}
Potions
 i - a potion of flight {unknown}
 j - 2 potions of heal wounds
 n - a potion of brilliance {unknown}
Comestibles
 f - a ration
 m - a chunk of flesh


   Skills:
 - Level 2.1 Fighting
 - Level 3.0 Short Blades
 - Level 1.1 Throwing
 + Level 1.7 Armour
 + Level 2.7 Dodging
 + Level 1.2 Stealth
 + Level 2.1 Spellcasting
 + Level 3.6 Translocations


You had 5 spell levels left.
You knew the following spells:

 Your Spells              Type           Power        Failure   Level  Hunger
a - Blink                 Tloc           N/A          13%         2    ###....

Your spell library contained the following spells:

 Spells                   Type           Power        Failure   Level  Hunger
 Shroud of Golubria       Chrm/Tloc      #.....       26%         2    ###....
 Gell's Gravitas          Tloc           #.........   26%         3    ####...
 Lesser Beckoning         Tloc           #.........   26%         3    ####...
 Teleport Other           Tloc           #.......     26%         3    ####...
 Passage of Golubria      Tloc           N/A          63%         4    #####..


Dungeon Overview and Level Annotations

Branches:
Dungeon (2/15)

Altars:

Annotations:
D:2 Natasha


Innate Abilities, Weirdness & Mutations

You are small and have problems with some larger weapons.
You are somewhat resistant to further mutation.


Message History

Natasha mewls in sadness.
You hit the iguana but do no damage. The iguana closely misses you.
Natasha casts a spell.
You hit the iguana but do no damage. The iguana misses you.
You hit the iguana.
The iguana is lightly wounded.
The iguana bites you but does no damage.
You hit the iguana.
The iguana is moderately wounded.
A crimson imp opens the door.
The iguana bites you! Natasha claws you.
* * * LOW HITPOINT WARNING * * *
You closely miss the iguana.
The iguana is moderately wounded.
The iguana barely misses you. Natasha claws you.
* * * LOW HITPOINT WARNING * * *
You hit the iguana.
The iguana is moderately wounded.
The crimson imp disappears for a moment.
The crimson imp closely misses you. The iguana bites you!
You die...

.........##..##...#...#.......#
......>......##†..#...#.......#
..............#...# #.........#
.##...#.......#...# #...#######
.##...#.......#...# #...#
......#...........# #...#
.....##......#....# #..l#
.....##......#.#5## #...#
.....#########5l@# #...#
..)#.).########h.# .....
...#.............# ......
...#.............##......
...#.............##.......
...#...####......#
...#.....##.....>#
....#............#
+##.####.#.......#


You could see an iguana, Natasha, a crimson imp and a shadow imp.

Vanquished Creatures
  3 adders (D:2)
  A worm (D:2)
  2 dart slugs
  3 leopard geckos (D:2)
  A ball python (D:1)
  6 bats
  2 giant cockroaches (D:1)
  7 goblins
  4 hobgoblins
  2 jackals (D:1)
  A frilled lizard (D:1)
  5 kobolds
  3 rats
40 creatures vanquished.

Notes
Turn   | Place    | Note
-------+----------+-------------------------------------------
     0 | D:1      | Lemonice the Halfling Warper began the quest for the Orb.
     0 | D:1      | Reached XP level 1. HP: 14/14 MP: 3/3
    56 | D:1      | Reached XP level 2. HP: 11/19 MP: 4/4
   668 | D:1      | Reached XP level 3. HP: 24/24 MP: 5/5
   684 | D:1      | Learned a level 2 spell: Blink
  1341 | D:2      | Reached XP level 4. HP: 22/29 MP: 7/7
  1579 | D:2      | Reached skill level 1 in Stealth
  1771 | D:2      | Noticed Natasha
  1910 | D:2      | Mangled by an iguana

Levels and vault maps discovered:
D:1:      giann_wishing_wells, layout_rooms, serial_park_tiny_1
D:2:      layout_basic, uniq_natasha

Skill      XL: |  1  2  3  4 |
---------------+-------------+-----
Fighting       | 2 |  2.1
Short Blades   | 3 |  3.0
Spellcasting   | 2 |  2.1
Stealth        | 1 |  1.2
Throwing       | |  1.1
Armour         | |  1.7
Dodging        | |  2.7
Translocations | |  3.6

Action                   |  1- 3 |  4- 6 || total
-------------------------+-------+-------++-------
Melee: Short sword       |    95 |    85 ||   180
 Cast: Blink             |       |     2 ||     2
  Use: Potion            |       |     1 ||     1
 Stab: Sleeping          |     1 |       ||     1
  Eat: Chunk             |     1 |     2 ||     3
Armor: Leather armour    |    22 |    33 ||    55
Dodge: Dodged            |    69 |   115 ||   184
